 Dungeon Crawl Stone Soup version 0.20.1-1-g8b1a95d (console) character file.

39692 hilaritas the Cleaver (level 14, -5/111 HPs)
             Began as a Formicid Fighter on Nov 26, 2017.
             Was an Elder of the Shining One.
             Slain by Ymberto's ghost (15 damage)
             ... on level 3 of the Lair of Beasts.
             The game lasted 00:36:51 (19311 turns).

hilaritas the Cleaver (Formicid Fighter)           Turns: 19311, Time: 00:36:51

Health: -5/111     AC: 18    Str: 26    XL:     14   Next: 40%
Magic:  23/23      EV: 11    Int:  8    God:    the Shining One [****..]
Gold:   885        SH: 24    Dex: 10    Spells: 13/13 levels left

rFire    + . .     SeeInvis +   o - +0 battleaxe
rCold    . . .     Gourm    +   c - +1 shield
rNeg     + + .     Faith    .   h - +0 plate armour
rPois    .         Spirit   .   (helmet unavailable)
rElec    .         Reflect  .   j - +0 cloak
rCorr    +         Harm     .   y - +0 pair of gloves
MR       +....                  (no boots)
Stlth    ..........             q - amulet of the gourmand
Regen    0.3/turn               t - ring of protection from fire
MPRegen  0.2/turn               d - ring of resist corrosion

@: divine shield, glowing
A: permanent stasis, dig shafts and tunnels, four strong arms, antennae 3
a: Dig, Shaft Self, Divine Shield, Cleansing Flame, Renounce Religion


You were on level 3 of the Lair of Beasts.
You worshipped the Shining One.
The Shining One was greatly pleased with you.
You were very full.

You visited 3 branches of the dungeon, and saw 16 of its levels.
You also visited: Sewer.

You collected 885 gold pieces.

Inventory:

Hand Weapons
 o - a +0 battleaxe (weapon)
 z - a +0 battleaxe
 B - a +0 scimitar of flaming
Missiles
 n - 4 javelins (quivered)
Armour
 c - a +1 shield (worn)
 h - a +0 plate armour (worn)
 j - a +0 cloak (worn)
 y - a +0 pair of gloves (worn)
Jewellery
 a - a +4 ring of intelligence
 d - a ring of resist corrosion (right hand)
 q - an amulet of the gourmand (around neck)
 t - a ring of protection from fire (left hand)
 E - a +2 ring of dexterity
 K - an uncursed ring of positive energy
Wands
 b - a wand of polymorph (11/24)
 C - a wand of confusion (40/48)
 G - a wand of disintegration (10/24)
 I - a wand of flame (15/48)
Scrolls
 m - 5 scrolls of identify
 p - a scroll of enchant weapon
 u - 9 scrolls of remove curse
 v - 2 scrolls of fog
 M - a scroll of recharging
 N - 2 scrolls of enchant armour
Potions
 e - 2 potions of brilliance
 k - 6 potions of flight
 l - 2 potions of agility
 r - 2 potions of cancellation
 s - 3 potions of curing
 w - a potion of ambrosia
 A - 3 potions of heal wounds
 F - a potion of mutation {unknown}
 H - a potion of lignification {unknown}
 L - 2 potions of berserk rage {unknown}
Miscellaneous
 D - a phial of floods
Comestibles
 f - 12 bread rations
 g - 9 meat rations
 i - 10 royal jellies
 J - 8 fruits


   Skills:
 + Level 10.5 Fighting
 * Level 12.7 Axes
 - Level 11.0 Armour
 - Level 8.0 Dodging
 - Level 10.0 Shields
 - Level 12.2 Invocations


You had 13 spell levels left.
You didn't know any spells.

Dungeon Overview and Level Annotations

Branches:
Dungeon (12/15)            Temple (1/1) D:6            Lair (3/6) D:8
  Swamp (0/4) Lair:2       Spider (0/4) Lair:2          Orc (0/2) D:11

Altars:
Ashenzari
Dithmenos
Elyvilon
Gozag
Hepliaklqana
Trog
The Shining One

Annotations:
Lair:3 Ymberto's ghost, journeyman HuFi


Innate Abilities, Weirdness & Mutations

You cannot be hasted, slowed, berserked, paralysed or teleported.
You can dig through walls and to a lower floor.
Your four strong arms can wield two-handed weapons with a shield.
You have a pair of large antennae on your head. (SInv)


Message History

You block Ymberto's ghost's attack.
You are confused.
You feel invigorated.
Ymberto's ghost hits you but does no damage.
Found 25 bolts.
You slice Ymberto's ghost!!
Ymberto's ghost is severely damaged.
You feel less invigorated.
You feel less confused. You block Ymberto's ghost's attack.
Ymberto's ghost hits you!
* * * LOW HITPOINT WARNING * * *
Ymberto's ghost burns you.
* * * LOW HITPOINT WARNING * * *
You slice Ymberto's ghost!!
Ymberto's ghost is almost destroyed.
You block Ymberto's ghost's attack.
You slice Ymberto's ghost!!
Ymberto's ghost is almost destroyed.
Ymberto's ghost hits you!
You die...

# # ###... .
###..#. ≈≈
###..... ≈# #.
....# ≈##≈ #..
...#.≈≈≈≈
#.##..##........
........<.......
.......@W.(....>
................
............(.(.
................
................
................
................
...........(...


You could see Ymberto's ghost.

Vanquished Creatures
  Frances (D:12)
  A slime creature (D:12)
  The ghost of ThereIsNoGod the Grappler, a journeyman TrFi of Okawaru (D:12)
  The ghost of ThereIsNoGod the Grappler, a journeyman TrFi of Okawaru (D:11)
  Fannar (D:11)
  A centaur warrior (D:9)
  7 two-headed ogres
  Nergalle (D:12)
  Sonja (D:11)
  7 skeletal warriors
  Pikel (D:7)
  2 ugly things (D:12)
  A manticore (D:7)
  Joseph (D:7)
  3 black mambas
  6 spiny frogs
  A rime drake (Lair:2)
  A centaur skeleton (D:11)
  A komodo dragon (Lair:1)
  An efreet (D:7)
  A troll (D:11)
  A queen bee (D:10)
  Grinder (D:5)
  2 hornets
  4 hippogriffs
  2 wraiths
  2 shadows
  2 vampires
  26 yaks
  3 wyverns
  A steam dragon (D:9)
  2 basilisks
  4 vampire mosquitoes
  A hungry ghost (D:7)
  Menkaure (D:5)
  2 wargs (D:8)
  6 water moccasins
  Duvessa (D:7)
  6 porcupines
  5 black bears
  5 orc warriors
  6 ice beasts
  A slave (D:7)
  An eye of draining (D:12)
  2 hornet zombies
  7 sky beasts
  3 phantoms
  A necrophage (D:9)
  5 ogres
  9 centaurs
  7 crocodiles
  3 big kobolds
  7 bullfrogs
  A gnoll sergeant (D:7)
  A water moccasin zombie (D:7)
  5 scorpions
  Dowan (D:7)
  30 killer bees
  9 howler monkeys
  5 bullfrog zombies
  9 crimson imps
  2 centaur zombies
  10 hounds
  2 jellies
  9 orc priests
  13 orc wizards
  2 bullfrog skeletons
  Jessica (D:2)
  5 iguanas
  15 worker ants
  A hound zombie (D:7)
  A howler monkey zombie (D:8)
  2 worker ant zombies (D:9)
  8 gnolls
  15 adders
  A river rat (D:6)
  6 shadow imps
  An ooze (D:5)
  An adder skeleton (D:8)
  2 adder zombies (D:7)
  3 worms
  9 leopard geckos
  48 orcs
  5 ball pythons
  10 bats
  8 giant cockroaches
  8 goblins
  5 hobgoblins
  12 jackals
  3 quokkas
  6 frilled lizards
  25 kobolds
  A quokka skeleton (D:4)
  A quokka zombie (D:5)
  13 rats
  A fungus (Lair:3)
486 creatures vanquished.

Vanquished Creatures (others)
  3 slaves (D:7)
  A worker ant zombie (D:7)
  A gnoll (D:7)
5 creatures vanquished.

Grand Total: 491 creatures vanquished

Notes
Turn   | Place    | Note
-------+----------+-------------------------------------------
     0 | D:1      | hilaritas the Formicid Fighter began the quest for the Orb.
     0 | D:1      | Reached XP level 1. HP: 18/18 MP: 1/1
    73 | D:1      | Reached XP level 2. HP: 24/24 MP: 2/2
   388 | D:1      | Reached XP level 3. HP: 26/30 MP: 3/3
  1131 | D:2      | Reached XP level 4. HP: 37/37 MP: 4/4
  1201 | D:2      | Noticed Jessica
  1205 | D:2      | Killed Jessica
  1798 | D:3      | Reached XP level 5. HP: 39/42 MP: 5/5
  2020 | D:3      | Noticed an ice beast
  2028 | D:3      | Killed an ice beast
  2028 | D:3      | Reached XP level 6. HP: 18/48 MP: 6/6
  2230 | D:3      | Reached skill level 5 in Axes
  2230 | D:3      | Reached skill level 5 in Shields
  2657 | D:4      | Reached XP level 7. HP: 39/54 MP: 7/7
  2995 | D:4      | Found a white marble altar of Elyvilon.
  3003 | D:4      | Became a worshipper of Elyvilon the Healer
  3430 | D:4      | Found a hazy altar of Hepliaklqana.
  3512 | D:5      | Entered Level 5 of the Dungeon
  3517 | D:5      | Noticed Menkaure
  3521 | D:5      | Noticed Grinder
  3525 | D:5      | Killed Menkaure
  3525 | D:5      | Reached skill level 1 in Invocations
  3525 | D:5      | Reached XP level 8. HP: 45/61 MP: 7/9
  3552 | D:5      | Killed Grinder
  3797 | D:5      | Reached * piety under Elyvilon
  4231 | D:5      | Reached XP level 9. HP: 46/67 MP: 10/10
  4260 | D:5      | Reached skill level 5 in Fighting
  5204 | D:6      | Reached ** piety under Elyvilon
  5282 | D:6      | Found a staircase to the Ecumenical Temple.
  5320 | D:6      | Found a glowing drain.
  5352 | Sewer    | Entered a sewer
  5818 | Temple   | Entered the Ecumenical Temple
  5826 | Temple   | Fell from the grace of Elyvilon
  5826 | Temple   | Became a worshipper of the Shining One
  5838 | D:6      | Reached skill level 10 in Axes
  6093 | D:7      | Reached * piety under the Shining One
  6297 | D:7      | Found a shadowy altar of Dithmenos.
  6504 | D:7      | Reached XP level 10. HP: 66/76 MP: 13/13
  6657 | D:7      | Reached skill level 5 in Invocations
  7370 | D:7      | Noticed an efreet
  7401 | D:7      | Killed an efreet
  7401 | D:7      | Reached skill level 5 in Armour
  7533 | D:7      | Reached ** piety under the Shining One
  7568 | D:7      | Noticed a two-headed ogre
  7579 | D:7      | Killed a two-headed ogre
  7706 | D:7      | Noticed a manticore
  7715 | D:7      | Killed a manticore
  7839 | D:7      | Noticed Pikel
  7846 | D:7      | Killed Pikel
  7846 | D:7      | Reached XP level 11. HP: 48/87 MP: 15/15
  8208 | D:7      | Noticed Joseph
  8244 | D:7      | Killed Joseph
  8967 | D:7      | Noticed Dowan
  8968 | D:7      | Noticed Duvessa
  9029 | D:7      | Reached skill level 10 in Fighting
  9198 | D:8      | Reached *** piety under the Shining One
  9222 | D:7      | Killed Dowan
  9226 | D:7      | Killed Duvessa
  9353 | D:8      | Found a shattered altar of Ashenzari.
  9693 | D:8      | Found a staircase to the Lair.
  9698 | D:8      | Noticed a two-headed ogre
  9708 | D:8      | Reached skill level 10 in Shields
  9713 | D:8      | HP: 2/90 [two-headed ogre/giant spiked club (20)]
  9716 | D:8      | Killed a two-headed ogre
  9716 | D:8      | Reached skill level 1 in Dodging
 10101 | D:8      | Noticed a two-headed ogre
 10105 | D:8      | Killed a two-headed ogre
 10541 | D:9      | Reached XP level 12. HP: 74/97 MP: 18/18
 10802 | D:9      | Noticed a centaur warrior
 10807 | D:9      | Killed a centaur warrior
 10809 | D:9      | Noticed a two-headed ogre
 10816 | D:9      | Killed a two-headed ogre
 11060 | D:9      | You fall through a shaft for 3 floors!
 11103 | D:12     | Noticed a two-headed ogre
 11109 | D:12     | Killed a two-headed ogre
 11317 | D:12     | Reached skill level 10 in Armour
 11669 | D:10     | Entered Level 10 of the Dungeon
 11669 | D:10     | Reached **** piety under the Shining One
 12304 | D:10     | Noticed a skeletal warrior
 12307 | D:10     | Noticed a skeletal warrior
 12307 | D:10     | Noticed a skeletal warrior
 12333 | D:10     | Killed a skeletal warrior
 12345 | D:10     | Killed a skeletal warrior
 12349 | D:10     | Killed a skeletal warrior
 12732 | D:10     | Noticed a two-headed ogre
 12741 | D:10     | Killed a two-headed ogre
 12798 | D:10     | Reached skill level 5 in Dodging
 12944 | D:10     | Reached XP level 13. HP: 103/103 MP: 20/20
 12949 | D:10     | Reached skill level 10 in Invocations
 13499 | D:11     | Found a staircase to the Orcish Mines.
 13619 | D:11     | Noticed ThereIsNoGod's ghost (journeyman TrFi)
 13642 | D:11     | Killed ThereIsNoGod's ghost
 14224 | D:11     | Noticed Sonja
 14228 | D:11     | Noticed Fannar
 14239 | D:11     | Killed Sonja
 14250 | D:11     | Killed Fannar
 14701 | D:12     | Noticed ThereIsNoGod's ghost (journeyman TrFi)
 14721 | D:12     | Killed ThereIsNoGod's ghost
 14932 | D:12     | Noticed Frances
 14951 | D:12     | Killed Frances
 15433 | D:12     | Noticed Nergalle
 15447 | D:12     | Killed Nergalle
 15714 | D:12     | Reached XP level 14. HP: 83/110 MP: 23/23
 16190 | Lair:1   | Entered Level 1 of the Lair of Beasts
 17680 | Lair:2   | Found a hole to the Spider Nest.
 17988 | Lair:2   | Found a staircase to the Swamp.
 19293 | Lair:3   | Noticed Ymberto's ghost (journeyman HuFi)
 19311 | Lair:3   | Slain by Ymberto's ghost

Skill      XL: |  1  2  3  4  5  6  7  8  9 10 11 12 13 14 |
---------------+-------------------------------------------+-----
Shields        | 4 5 6 7 8 10 | 10.0
Axes           | 3 4 5 7 8 10 11 12 | 12.7
Fighting       | 4 6 8 10 | 10.5
Invocations    | 1 2 4 6 8 9 12 | 12.2
Armour         | 6 8 11 | 11.0
Dodging        | 2 5 8 |  8.0

Action                   |  1- 3 |  4- 6 |  7- 9 | 10-12 | 13-15 || total
-------------------------+-------+-------+-------+-------+-------++-------
Melee: War axe           |   103 |   131 |   120 |       |       ||   354
       Battleaxe         |       |       |   293 |   609 |   576 ||  1478
Throw: Javelin           |       |       |       |     5 |    12 ||    17
Invok: Divine Shield     |       |       |       |     3 |     7 ||    10
       Cleansing Flame   |       |       |       |     1 |     4 ||     5
  Use: Scroll            |       |     9 |     2 |     3 |     5 ||    19
       Potion            |       |       |       |     4 |     8 ||    12
  Eat: Chunk             |     1 |     5 |    23 |    32 |    21 ||    82
Armor: Scale mail        |    43 |    39 |       |       |       ||    82
       Chain mail        |       |    29 |       |       |       ||    29
       Plate armour      |       |       |   231 |   247 |   164 ||   642
Dodge: Dodged            |    40 |    48 |    79 |   164 |   192 ||   523
Block: Shield            |    52 |    94 |   278 |   448 |   442 ||  1314
